 Dungeon Crawl Stone Soup version 0.29.0-4-gdea44cf6ec (webtiles) character file.

Game seed: 5332742309733000088

10 qw the Chopper (level 2, 0/24 HPs)
             Began as a Barachi Chaos Knight on Sept 7, 2022.
             Slain by a sixfirhy (10 damage)
             ... summoned by Xom
             ... on level 1 of the Dungeon.
             The game lasted 00:00:12 (683 turns).

qw the Chopper (Barachi Chaos Knight)                Turns: 683, Time: 00:00:13

Health: 0/24       AC:  5    Str: 13    XL:     2   Next: 20%
Magic:  2/2        EV: 11    Int: 12    God:
Gold:   17         SH:  0    Dex: 11    Spells: 1/1 levels left

rFire   . . .      SeeInvis .   a - +0 hand axe (chaos)
rCold   . . .      Faith    .   (no shield)
rNeg    . . .      Spirit   .   b - +2 leather armour
rPois   .          Reflect  .   (no helmet)
rElec   .          Harm     .   (no cloak)
rCorr   .          Rampage  .   (no gloves)
Will    .....                   (no boots)
Stlth   +.........              (no amulet)
HPRegen 0.08/turn               (no ring)
MPRegen 0.08/turn               (no ring)

@: spiked, slow
A: amphibious, slowness 1, strong legs 1, +LOS
a: Hop


You were on level 1 of the Dungeon.
You visited 1 branch of the dungeon, and saw 1 of its levels.

You collected 17 gold pieces.


Innate Abilities, Weirdness & Mutations

You are amphibious.
You cover ground slowly.
You can hop short distances.
You have an extended range of vision and can be seen from far away.


   Skills:
 - Level 3.6 Fighting
 + Level 4.0 Axes
 - Level 2.4 Armour
 - Level 1.1 Dodging


You had one spell level left.
You didn't know any spells.
Your spell library was empty.

Inventory:

Hand Weapons
 a - a +0 hand axe of chaos (weapon)
 d - a +0 whip
Armour
 b - a +2 leather armour (worn)
 e - a +0 helmet
Potions
 f - a potion of flight {unknown}
Miscellaneous
 c - a piece from Xom's chessboard (15/15)

Dungeon Overview and Level Annotations

Branches:
Dungeon (1/15)

Altars:


Message History

The quokka bites you but does no damage.
You closely miss the quokka.
The quokka bites you but does no damage.
You barely miss the quokka. The quokka barely misses you.
You hit the quokka but do no damage.
The quokka seems to grow stronger.
The quokka barely misses you. x2
You slash the quokka!
You kill the quokka!
Found a hand axe.
An endoplasm and a frilled lizard come into view.
You slash the endoplasm!
You kill the endoplasm!
Your Axes skill increases to level 4!
You closely miss the frilled lizard. The frilled lizard barely misses you.
You closely miss the frilled lizard.
The frilled lizard bites you but does no damage.
You hit the frilled lizard.
You kill the frilled lizard!
You open the door.
There is an open door here.
f - a clear potion
There is an open door here. "Time to have some fun!"
A sixfirhy comes into view.
You hit the ice devil but do no damage.
The ice devil suddenly seems more agile.
You hit the iron imp but do no damage. You closely miss the red devil.
You hit the ice devil but do no damage. You hit the red devil.
You hit the iron imp.
The red devil hits you with a +1 vorpal trident!
Barbed spikes become lodged in your body.
The ice devil barely misses you.
You hit the red devil. You freeze the red devil.
The red devil is moderately wounded.
You barely miss the iron imp. You hit the ice devil but do no damage.
The sixfirhy hits you. The sixfirhy shocks you!
You die... "Huh?
Did I miss anything?"

. .##### #.# . ...... #.#
########...... ..#
...........#.# #.#
.#...#####.#.# #.# .#.#.#
#.#.#.# #.#
...#.###.#.#.# #3# #
.........#'#.###4#5######
####.#........54@35......
. #...........##.#5######
.##...........##5# #
.##...........##.#
.+........#......
##)...)..##......
#.......##.......
#.......##.##..#.
#..#######....##.#


You could see an ice devil (summoned, agile), a sixfirhy (summoned), a ynoxinul
(summoned), a red devil (summoned), 2 iron imps, 2 shadow imps and an ufetubus
(summoned).

Vanquished Creatures
  A dart slug (D:1)
  An endoplasm (D:1)
  A goblin (D:1)
  A hobgoblin (D:1)
  A kobold (D:1)
  A quokka (D:1)
  A frilled lizard (D:1)
7 creatures vanquished.

Notes
Turn   | Place    | Note
-------+----------+-------------------------------------------
     0 | D:1      | qw the Barachi Chaos Knight began the quest for the Orb.
     0 | D:1      | Reached XP level 1. HP: 18/18 MP: 1/1
     0 | D:1      | 0 ||| qw: Version: 0.1-a-108-g9e35731
     0 | D:1      | 0 ||| qw: Game counter: 6494
     0 | D:1      | 0 ||| qw: Always use a shield: true
     0 | D:1      | 0 ||| qw: God list: Okawaru
     0 | D:1      | 0 ||| qw: Allow faded altars: false
     0 | D:1      | 0 ||| qw: Do Orc after D:15 true
     0 | D:1      | 0 ||| qw: Do second Lair branch before Depths: true
     0 | D:1      | 0 ||| qw: Lair rune preference: random
     0 | D:1      | 0 ||| qw: Plans: Normal
     0 | D:1      | 0 ||| PLANNING D:1-11
     0 | D:1      | Fell from the grace of Xom
   133 | D:1      | 133 ||| Stepping ~*~*~tactically~*~*~ (hiding).
   235 | D:1      | 235 ||| Stepping ~*~*~tactically~*~*~ (hiding).
   337 | D:1      | 337 ||| Stepping ~*~*~tactically~*~*~ (hiding).
   439 | D:1      | 439 ||| Stepping ~*~*~tactically~*~*~ (hiding).
   541 | D:1      | 541 ||| Stepping ~*~*~tactically~*~*~ (hiding).
   542 | D:1      | 542 ||| Stepping ~*~*~tactically~*~*~ (hiding).
   543 | D:1      | 543 ||| Stepping ~*~*~tactically~*~*~ (hiding).
   582 | D:1      | Reached XP level 2. HP: 22/24 MP: 2/2
   667 | D:1      | Reached skill level 4 in Axes
   680 | D:1      | XOM: summons 9 hostile demons
   681 | D:1      | Noticed a sixfirhy
   681 | D:1      | Noticed a ynoxinul
   681 | D:1      | Noticed an ice devil
   681 | D:1      | Noticed a red devil
   683 | D:1      | Slain by a sixfirhy

Levels and vault maps discovered:
D:1:      dpeg_arrival_simpleton_b, layout_basic, serial_shops, shop

Skill      XL: |  1  2 |
---------------+-------+-----
Axes           | 4 |  4.0
Fighting       | |  3.6
Armour         | |  2.4
Dodging        | |  1.1

Action                   || total
-------------------------++-------
Melee: Hand axe          ||    25
Invok: Renounce Religion ||     1
Armor: Leather armour    ||     8
Dodge: Dodged            ||    11

Table legend:
 A = Non-vault XP
 B = Vault XP
 C = Vault XP percentage of total XP
 D = Non-vault monster count
 E = Vault monster count
 F = Vault count percentage of total count
                 A         B        C        D         E       F
            +---------+---------+-------+---------+---------+-------
      Total |      15 |       0 |   0.0 |       7 |       0 |   0.0
            +---------+---------+-------+---------+---------+-------
        D:1 |      15 |       0 |   0.0 |       7 |       0 |   0.0
            +---------+---------+-------+---------+---------+-------
